 Dungeon Crawl Stone Soup version 0.30-a0-142-g7370640ec8 (webtiles) character file.

Game seed: 720975954546427779

89 qw the Chopper (level 4, -20/28 HPs)
             Began as a Gargoyle Fighter on Sept 26, 2022.
             Demolished by an ogre
             ... wielding a +0 giant club
              (28 damage)
             ... on level 4 of the Dungeon.
             The game lasted 00:00:55 (2422 turns).

qw the Chopper (Gargoyle Fighter)                   Turns: 2422, Time: 00:00:55

Health: -20/28     AC: 11    Str: 21    XL:     4   Next: 55%
Magic:  4/4        EV:  9    Int:  9    God:
Gold:   107        SH:  4    Dex:  9    Spells: 3/3 levels left

rFire   . . .      SeeInvis .    Y - +1 war axe
rCold   . . .      Faith    .    c - +0 buckler
rNeg    + . .      Spirit   .    b - +0 scale mail
rPois   inf        Reflect  .    (no helmet)
rElec   +          Harm     .    (no cloak)
rCorr   .          Rampage  .    (no gloves)
Will    .....                    a - +0 pair of boots
Stlth   ..........               (no amulet)
HPRegen 0.09/turn                (no ring)
MPRegen 0.09/turn                (no ring)

@: no status effects
A: sickness immunity, AC +3, negative energy resistance 1, electricity
resistance, torment resistance 1, petrification resistance
a: no special abilities


You were on level 4 of the Dungeon.
You visited 1 branch of the dungeon, and saw 4 of its levels.

You collected 107 gold pieces.


Innate Abilities, Weirdness & Mutations

You are immune to sickness and miasma.
Your stone body is resilient. (AC +3)
You are immune to poison.
You resist negative energy. (rN+)
You are resistant to electric shocks. (rElec)
You are resistant to unholy torment.
You are immune to petrification.


   Skills:
 - Level 3.2 Fighting
 + Level 4.2 Axes
 - Level 3.2 Armour
 - Level 3.2 Shields


You had 3 spell levels left.
You didn't know any spells.
Your spell library was empty.

Inventory:

Hand Weapons
 l - a +0 flail
 Y - a +1 war axe (weapon)
Armour
 a - a +0 pair of boots (worn)
 b - a +0 scale mail (worn)
 c - a +0 buckler (worn)
Jewellery
 f - an amulet of reflection
Scrolls
 e - a scroll of teleportation
Potions
 d - 2 potions of might
 i - a potion of resistance {unknown}
 j - a potion of mutation {unknown}
 k - a potion of heal wounds {unknown}

Dungeon Overview and Level Annotations

Branches:
Dungeon (4/15)
 Temple: D:4-7

Altars:
Uskayaw


Message History

There is a stone staircase leading up here.
You slash the endoplasm!
You kill the endoplasm!
You slash the ball python!
You kill the ball python!
2335 ||| STAIRDANCE You climb upwards.
There is a stone staircase leading down here.
You start resting.
HP restored.
Done exploring.
(D) Dungeon
Where to? (* - list waypoints, Enter - D:4, ? - help)
What level of the Dungeon? (default 1, ? - help)
You climb downwards.
You hear the hiss of flowing sand.
There is an entrance to an ossuary on this level.
Hurry and find it before the portal is buried!
You hear the slow hiss of an avalanche of sand nearby.
There is a stone staircase leading up here.
e - a scroll of teleportation
Found a short sword.
A quokka comes into view.
You see here an amulet of reflection.
You hit the quokka.
The quokka is almost dead.
The quokka barely misses you.
You slash the quokka!
You kill the quokka!
f - an amulet of reflection
Found a stone staircase leading up.
An ogre comes into view. It is wielding a +0 giant club.
You slash the ogre!
The ogre is moderately wounded.
The ogre hits you with a +0 giant club!!
Ouch! That really hurt!
You slash the ogre!
The ogre is severely wounded.
The ogre hits you with a +0 giant club!!
Ouch! That really hurt!
You die...

###...#
#..#
##....#
##+#
#..#.##
#..#.###
##.....#
####..# ..#
#...#
#....##...#
......O@.##
..........#
...######.#
#. ##


You could see an ogre.

Vanquished Creatures
  An adder (D:2)
  2 worms (D:2)
  2 dart slugs
  3 orcs (D:3)
  4 ball pythons
  9 endoplasms
  5 giant cockroaches
  6 goblins
  4 hobgoblins
  5 kobolds
  2 quokkas
  9 bats
  7 frilled lizards (D:2)
  4 rats
63 creatures vanquished.

Vanquished Creatures (others)
  6 plants (D:2)
6 creatures vanquished.

Grand Total: 69 creatures vanquished

Notes
Turn   | Place    | Note
-------+----------+-------------------------------------------
     0 | D:1      | qw the Gargoyle Fighter began the quest for the Orb.
     0 | D:1      | Reached XP level 1. HP: 14/14 MP: 1/1
     0 | D:1      | 0 ||| qw: Version: 0.2-a-10-g399e6c4
     0 | D:1      | 0 ||| qw: Game counter: 468
     0 | D:1      | 0 ||| qw: Always use a shield: true
     0 | D:1      | 0 ||| qw: God list: Okawaru
     0 | D:1      | 0 ||| qw: Allow faded altars: false
     0 | D:1      | 0 ||| qw: Do Orc after D:15 true
     0 | D:1      | 0 ||| qw: Do second Lair branch before Depths: true
     0 | D:1      | 0 ||| qw: Lair rune preference: random
     0 | D:1      | 0 ||| qw: Plans: Normal, Zot:1-4, God:TSO, Crypt, Tomb,
                  | Pan, Slime:5, Hells, Abyss, Orb
     0 | D:1      | 0 ||| PLANNING D:1-11
    11 | D:1      | 11 ||| Stepping ~*~*~tactically~*~*~ (stealth).
    13 | D:1      | 13 ||| Stepping ~*~*~tactically~*~*~ (stealth).
    22 | D:1      | Reached skill level 2 in Axes
    44 | D:1      | Reached XP level 2. HP: 13/19 MP: 2/2
   490 | D:1      | Reached skill level 3 in Axes
   540 | D:1      | Found a faded altar of an unknown god.
   631 | D:1      | Reached XP level 3. HP: 23/23 MP: 3/3
   742 | D:1      | 742 ||| READING scroll labelled PAAKHLUFOUF.
   743 | D:1      | 743 ||| READING scroll labelled UBLIUGR GAHINY.
   744 | D:1      | 744 ||| READING 2 scrolls labelled JIFON UPTEF.
   745 | D:1      | 745 ||| READING scroll labelled LELELIRUWA.
   749 | D:1      | 749 ||| DROPPING scroll of poison.
   783 | D:2      | 783 ||| Stepping ~*~*~tactically~*~*~ (stealth).
  1007 | D:2      | 1007 ||| Stepping ~*~*~tactically~*~*~ (stealth).
  1008 | D:2      | 1008 ||| Stepping ~*~*~tactically~*~*~ (stealth).
  1011 | D:2      | 1011 ||| Stepping ~*~*~tactically~*~*~ (stealth).
  1031 | D:2      | 1031 ||| Stepping ~*~*~tactically~*~*~ (stealth).
  1047 | D:2      | 1047 ||| Stepping ~*~*~tactically~*~*~ (stealth).
  1048 | D:2      | 1048 ||| Stepping ~*~*~tactically~*~*~ (stealth).
  1253 | D:2      | Reached XP level 4. HP: 28/28 MP: 4/4
  1636 | D:2      | 1636 ||| Stepping ~*~*~tactically~*~*~ (stealth).
  1671 | D:2      | Reached skill level 4 in Axes
  1681 | D:2      | 1681 ||| UPGRADING to +0 pair of boots.
  1686 | D:2      | 1686 ||| DROPPING scarf of invisibility.
  1687 | D:2      | 1687 ||| READING scroll labelled IGHONI YLOOCULABBE.
  1772 | D:3      | 1772 ||| Stepping ~*~*~tactically~*~*~ (stealth).
  1778 | D:3      | 1778 ||| Stepping ~*~*~tactically~*~*~ (stealth).
  1822 | D:3      | 1822 ||| DROPPING +2 vorpal hand axe.
  1937 | D:3      | 1937 ||| Stepping ~*~*~tactically~*~*~ (stealth).
  1939 | D:3      | 1939 ||| Stepping ~*~*~tactically~*~*~ (stealth).
  1941 | D:3      | 1941 ||| Stepping ~*~*~tactically~*~*~ (stealth).
  1995 | D:3      | 1995 ||| DROPPING +0 club.
  2019 | D:3      | Noticed a +0 falchion
  2019 | D:3      | Noticed a +0 spear
  2019 | D:3      | Noticed a +0 short sword
  2021 | D:3      | Noticed a +0 falchion
  2021 | D:3      | Noticed a +0 dagger
  2029 | D:3      | Noticed a +0 spear
  2030 | D:3      | Noticed a +0 short sword
  2031 | D:3      | Noticed a +0 dagger
  2038 | D:3      | Found a hide-covered altar of Uskayaw.
  2150 | D:3      | 2150 ||| READING scroll labelled CAVICR ABOE.
  2200 | D:3      | 2200 ||| READING scroll labelled CAGELU PAIN.
  2201 | D:3      | 2201 ||| READING scroll labelled COIMUCAESH.
  2202 | D:3      | 2202 ||| READING scroll labelled LIM JIAVYRATHRI.
  2203 | D:3      | 2203 ||| DRINKING 2 cyan potions.
  2304 | D:3      | 2304 ||| DROPPING potion of ambrosia.
  2326 | D:4      | 2326 ||| PLANNING OSSUARY
  2327 | D:4      | 2327 ||| STAIRDANCE
  2335 | D:4      | 2335 ||| STAIRDANCE
  2415 | D:4      | Noticed an ogre
  2422 | D:4      | Demolished by an ogre

Levels and vault maps discovered:
D:1:      ncdulo_lavacross, layout_basic, ebering_ecumenical_altar_abandoned,
          serial_corexii_hall, corexii_hall_statues_t, corexii_hall_statues_l,
          kennysheep_nondescript, chequers_serial_rivers_small_b,
          grunt_decor_cap, kennysheep_another_room
D:2:      cheibrodos_helix_gallery, layout_loops_ring, serial_bayou_crossing
D:3:      layout_rooms, nicolae_uskayaw_en_pointe, minmay_misc_feat_tiny,
          chequers_mini_garden, corexii_hall_statues_u, item_on_display_a
D:4:      layout_rooms, minmay_temple_entry_butterflies,
          nicolae_ossuary_entry_catacombs, kennysheep_generic_room_2

Skill      XL: |  1  2  3  4 |
---------------+-------------+-----
Axes           | 2 3 4 |  4.2
Fighting       | |  3.2
Armour         | |  3.2
Shields        | |  3.2

Action                   |  1- 3 |  4- 6 || total
-------------------------+-------+-------++-------
Melee: War axe           |    84 |    48 ||   132
Throw: Boomerang         |    27 |       ||    27
  Use: Scroll            |     4 |     5 ||     9
       Potion            |       |     1 ||     1
Armor: Scale mail        |    27 |    24 ||    51
Dodge: Dodged            |    36 |    14 ||    50
Block: Buckler           |    15 |     4 ||    19

Table legend:
 A = Non-vault XP
 B = Vault XP
 C = Vault XP percentage of total XP
 D = Non-vault monster count
 E = Vault monster count
 F = Vault count percentage of total count
                 A         B        C        D         E       F
            +---------+---------+-------+---------+---------+-------
      Total |     125 |       3 |   2.3 |      61 |       2 |   3.2
            +---------+---------+-------+---------+---------+-------
        D:1 |      37 |       0 |   0.0 |      21 |       0 |   0.0
        D:2 |      59 |       3 |   4.8 |      25 |       2 |   7.4
        D:3 |      24 |       0 |   0.0 |      12 |       0 |   0.0
        D:4 |       5 |       0 |   0.0 |       3 |       0 |   0.0
            +---------+---------+-------+---------+---------+-------
